 Dungeon Crawl Stone Soup version 0.21.1-1-g345015f (webtiles) character file.

378 prawnwizard the Firebug (level 6, -1/32 HPs)
             Began as a Deep Elf Fire Elementalist on July 2, 2018.
             Shot with an arrow by a centaur (8 damage)
             ... on level 5 of the Dungeon.
             The game lasted 00:10:05 (4017 turns).

prawnwizard the Firebug (DEFE)                      Turns: 4017, Time: 00:10:05

Health: -1/32      AC:  3    Str:  5    XL:     6   Next: 45%
Magic:  12/15      EV: 14    Int: 22    God:
Gold:   316        SH:  0    Dex: 15    Spells: 5/14 levels left

rFire    . . .     SeeInvis .   s - +2 short sword (protect)
rCold    . . .     Gourm    .   (no shield)
rNeg     . . .     Faith    .   a - +0 robe
rPois    .         Spirit   .   (no helmet)
rElec    .         Reflect  .   (no cloak)
rCorr    .         Harm     .   (no gloves)
MR       .....                  l - +0 pair of boots
Stlth    ++........             (no amulet)
HPRegen  0.10/turn              (no ring)
MPRegen  0.14/turn              (no ring)

@: no status effects
A: no striking features
a: no special abilities


You were on level 5 of the Dungeon.
You were very hungry.

You visited 1 branch of the dungeon, and saw 6 of its levels.

You collected 316 gold pieces.

Inventory:

Hand Weapons
 s - a +2 short sword of protection (weapon)
Armour
 a - a +0 robe (worn)
 l - a +0 pair of boots (worn)
Jewellery
 r - an uncursed ring of fire {unknown}
Scrolls
 d - 2 scrolls of remove curse
 i - a scroll of fog {unknown}
 n - 2 scrolls of magic mapping
 t - 2 scrolls of identify
Potions
 e - a potion of degeneration {unknown}
 f - a potion of resistance
 g - a potion of curing
 j - a potion of brilliance
 k - 4 potions of lignification
 o - a potion of might
 p - a potion of heal wounds
 q - 2 potions of ambrosia
 v - a potion of haste {unknown}
 w - a potion of flight {unknown}
Books
 b - a book of Flames

   Spells                             Type                      Level
   a - Flame Tongue                   Conjuration/Fire             1
   b - Throw Flame                    Conjuration/Fire             2
   c - Conjure Flame                  Conjuration/Fire             3
   d - Inner Flame                    Hexes/Fire                   3
   e - Sticky Flame                   Conjuration/Fire             4
   f - Fireball                       Conjuration/Fire             5
 h - a book of Changes

   Spells                             Type                      Level
   a - Beastly Appendage              Transmutation                1
   b - Sticks to Snakes               Transmutation                2
   c - Spider Form                    Transmutation/Poison         3
   d - Ice Form                       Ice/Transmutation            4
   e - Blade Hands                    Transmutation                5
 m - a book of Minor Magic

   Spells                             Type                      Level
   a - Magic Dart                     Conjuration                  1
   b - Blink                          Translocation                2
   c - Call Imp                       Summoning                    2
   d - Slow                           Hexes                        2
   e - Conjure Flame                  Conjuration/Fire             3
   f - Mephitic Cloud                 Conjuration/Poison/Air       3
Comestibles
 c - 5 rations


   Skills:
 + Level 4.2 Dodging
 - Level 2.4 Stealth
 + Level 4.8 Spellcasting
 + Level 3.2 Conjurations
 * Level 5.7 Fire Magic


You had 5 spell levels left.
You knew the following spells:

 Your Spells              Type           Power        Failure   Level  Hunger
a - Flame Tongue          Conj/Fire      ####.        1%          1    None
b - Throw Flame           Conj/Fire      ####..       2%          2    None
c - Blink                 Tloc           N/A          16%         2    None
d - Sticky Flame          Conj/Fire      ####....     16%         4    ####...


Dungeon Overview and Level Annotations

Branches:
Dungeon (6/15)
 Temple: D:4-7

Altars:
Xom


Message History

The centaur shoots an arrow.
The arrow closely misses you.
The centaur shoots an arrow.
The arrow closely misses you.
Casting: Flame Tongue
Confirm with . or Enter, or press ? or * to list all spells.
Aiming: Flame Tongue
Press: ? - help, Shift-Dir - straight line, f/p - centaur
Aim: a centaur, wielding a shortbow (lightly wounded)
The flame tongue hits the centaur.
The centaur is heavily wounded.
The centaur shoots an arrow.
The arrow hits you!
* * * LOW HITPOINT WARNING * * *
Casting: Flame Tongue
Confirm with . or Enter, or press ? or * to list all spells.
Aiming: Flame Tongue
Press: ? - help, Shift-Dir - straight line, f/p - centaur
Aim: a centaur, wielding a shortbow (heavily wounded)
The flame tongue hits the centaur.
The centaur is heavily wounded.
The centaur shoots an arrow.
The arrow hits you!
You die...

.......# #.%..<.# #
...#..# #.## #.##..#
...##(##..#
#.#.((#..###
#..........#
#.!@....##.#
#.........#.#####.#
#.................#
#...c.........######
###.....(..#.>#
$........##..#
######...###..#
###.# #..# .. ....


You could see a centaur.

Vanquished Creatures
  The ghost of prawnwizard the Shield-Bearer, an amateur DDFi (D:4)
  A hound (D:4)
  3 orc wizards
  2 worker ants
  5 adders
  A dart slug (D:4)
  A leopard gecko (D:2)
  4 orcs
  2 ball pythons
  3 giant cockroaches (D:2)
  8 goblins
  9 hobgoblins
  2 jackals (D:1)
  6 kobolds
  3 quokkas
  2 ball python skeletons (D:4)
  12 bats
  4 frilled lizards
  11 rats
80 creatures vanquished.

Notes
Turn   | Place    | Note
-------+----------+-------------------------------------------
     0 | D:1      | prawnwizard the Deep Elf Fire Elementalist began the quest for the Orb.
     0 | D:1      | Reached XP level 1. HP: 10/10 MP: 6/6
   166 | D:1      | Reached XP level 2. HP: 13/15 MP: 4/8
   835 | D:2      | Reached skill level 4 in Fire Magic
   845 | D:2      | Reached XP level 3. HP: 11/19 MP: 0/9
  1228 | D:2      | Learned a level 2 spell: Throw Flame
  1231 | D:2      | Learned a level 2 spell: Blink
  1268 | D:2      | Reached XP level 4. HP: 16/24 MP: 4/11
  1274 | D:2      | Learned a level 4 spell: Sticky Flame
  2688 | D:4      | Reached XP level 5. HP: 26/28 MP: 8/13
  2693 | D:4      | Reached skill level 5 in Fire Magic
  2696 | D:4      | Noticed prawnwizard's ghost (amateur DDFi)
  3080 | D:4      | Killed prawnwizard's ghost
  3080 | D:4      | Reached XP level 6. HP: 20/32 MP: 0/15
  3364 | D:4      | Found a shimmering altar of Xom.
  3376 | D:4      | Found a shimmering altar of Xom.
  3376 | D:4      | Found a shimmering altar of Xom.
  3379 | D:4      | You fall through a shaft for 2 floors!
  3400 | D:5      | Entered Level 5 of the Dungeon
  3429 | D:4      | HP: 1/32 [poisoned by a worker ant]
  4017 | D:5      | Shot with an arrow by a centaur

Skill      XL: |  1  2  3  4  5 |
---------------+----------------+-----
Fire Magic     | 4 5 |  5.7
Dodging        | 3 4 |  4.2
Conjurations   | 2 3 |  3.2
Spellcasting   | 4 |  4.8
Stealth        | |  2.4

Action                   |  1- 3 |  4- 6 || total
-------------------------+-------+-------++-------
Melee: Short sword       |       |    22 ||    22
 Cast: Flame Tongue      |    70 |    93 ||   163
       Sticky Flame      |       |     2 ||     2
  Use: Scroll            |       |    12 ||    12
 Stab: Sleeping          |       |     1 ||     1
  Eat: Chunk             |     1 |     4 ||     5
       Ration            |       |     1 ||     1
Armor: Robe              |     3 |    22 ||    25
Dodge: Dodged            |    21 |    73 ||    94
